Map: Rhoskallian EE

Players

MrFercho

  • Race: Zerg Zerg
  • League: Silver
  • Spawn Location: 5:00

tigro

  • Race: Terran Terran
  • League: Bronze
  • Spawn Location: 6:00

GYPSY

  • Race: Protoss Protoss
  • Spawn Location: 11:00

darkhero

  • Race: Protoss Protoss
  • League: Gold
  • Spawn Location: 12:00

VOD

Have the link to the VOD?

Description

Time

  • Played on: June 12, 2020, 10:18 p.m.
  • Length: 8:42
Show
View Real Time Build Order
Export as new Build Order

MrFercho Zerg 

Build Orders: Hatch First 

Get SALT Encoding   

  12  0:01  Drone  
  13  0:13  Overlord  
  13  0:27  Drone  
  14  0:36  Drone x2  
  16  1:05  Hatchery, Overlord  
  15  1:12  Drone x2  
  15  1:17  Drone  
  18  1:29  Spawning Pool  
  18  1:32  Drone  
  18  1:38  Drone  
  19  1:49  Drone  
  20  1:55  Extractor  
  19  2:04  Drone  
  20  2:10  Drone  
  21  2:17  Drone  
  21  2:19  Queen  
  21  2:20  Queen  
  21  2:21  Drone  
  27  2:27  Drone  
  28  2:31  Drone  
  29  2:38  Drone  
  30  2:48  Drone  
  32  2:51  Drone  
  32  2:53  Drone  
  33  3:03  Queen  
  35  3:08  Lair  
  35  3:09  Drone  
  36  3:16  Roach Warren  
  35  3:31  Drone  
  35  3:32  Overlord  
  35  3:33  Overlord x3  
  36  3:50  Hatchery  
  35  3:55  Drone  
  35  3:56  Drone x5  
  41  4:08  Evolution Chamber  
  40  4:13  Drone x2  
  40  4:14  Extractor, Drone  
  40  4:15  Evolution Chamber  
  41  4:21  Overseer  
  41  4:23  Overseer  
  41  4:26  Overseer  
  41  4:33  Drone x3  
  41  4:34  Drone x4  
  48  4:46  Drone x3  
  48  4:47  Extractor  
  48  4:48  Extractor  
  49  4:52  Zerg Missile Weapons Level 1  
  49  4:55  Drone  
  49  4:56  Drone  
  51  5:03  Overseer  
  51  5:40  Roach x4  
  51  5:41  Roach x3  
  65  6:08  Drone  
  65  6:10  Overlord x3  
  65  6:11  Overlord x3  
  66  6:23  Hydralisk Den  
  66  6:24  Zerg Ground Armor Level 1  
  67  6:40  Roach x5  
  67  6:45  Drone x5  
  64  7:14  Hydralisk  
  64  7:15  Hydralisk x4  
  68  7:18  Zergling x10  
  68  7:19  Zergling x2  
  67  7:31  Spine Crawler  
  67  7:32  Spine Crawler  
  67  7:33  Spine Crawler  
  61  7:40  Roach x4  
  61  7:42  Spine Crawler x2  
  44  8:11  Spine Crawler  
  34  8:14  Spine Crawler  
  34  8:17  Hatchery  
  31  8:20  Zergling x12  
Show
View Real Time Build Order
Export as new Build Order

tigro Terran 

Build Orders:  

Get SALT Encoding   

  12  0:02  SCV  
  13  0:24  Supply Depot  
  13  0:27  SCV  
  14  0:35  Refinery  
  14  0:39  SCV  
  15  0:51  SCV  
  16  1:01  Barracks  
  16  1:05  SCV  
  16  1:06  Refinery  
  17  1:18  SCV  
  18  1:30  SCV  
  19  1:42  Supply Depot  
  19  1:44  SCV  
  20  1:49  Marine  
  21  1:56  SCV  
  21  1:59  Barracks  
  22  2:06  Marine  
  23  2:09  SCV  
  24  2:23  Engineering Bay  
  24  2:24  Marine  
  25  2:34  Orbital Command  
  25  2:42  Marine  
  26  2:49  Barracks Tech Lab  
  26  3:00  Marine  
  26  3:01  Factory  
  27  3:11  Terran Infantry Weapons Level 1  
  27  3:30  Command Center  
  27  3:42  Barracks Tech Lab  
  27  3:50  Factory Tech Lab  
  27  3:54  Marine  
  28  4:12  Marine  
  29  4:18  Starport  
  29  4:30  Marine  
  30  4:40  Missile Turret  
  30  4:44  Refinery  
  30  4:48  Marine, SCV  
  32  4:54  Combat Shield  
  32  5:00  SCV  
  32  5:02  Missile Turret  
  32  5:05  Medivac, Terran Infantry Armor Level 1  
  32  5:06  Marine  
  36  5:12  SCV  
  37  5:24  SCV  
  37  5:26  Marine x2, Missile Turret  
  40  5:36  SCV  
  37  5:44  Marine x2  
  37  5:48  Missile Turret  
  34  5:58  Starport Tech Lab  
  34  6:02  Marine x2  
  36  6:05  Siege Tank  
  36  6:06  Fusion Core  
  39  6:20  Marine x2  
  39  6:21  Missile Turret  
  39  6:23  Refinery  
  39  6:25  SCV  
  42  6:37  SCV  
  43  6:40  Siege Tank  
  46  6:49  SCV  
  46  6:52  Concussive Shells  
  47  6:57  Stimpack  
  47  6:59  Neosteel Armor  
  47  7:01  SCV  
  42  7:12  Marine x2, Siege Tank  
  39  7:29  Marine x2  
  35  7:44  Siege Tank  
  35  7:47  Marine x2  
  32  8:05  Marine  
  31  8:17  Marine  
  31  8:18  Supply Depot  
  25  8:22  Supply Depot  
Show
View Real Time Build Order
Export as new Build Order

GYPSY Protoss 

Build Orders:  

Get SALT Encoding   

  12  0:02  Probe  
  13  0:14  Assimilator  
  13  0:16  Probe  
  14  0:29  Pylon  
  14  0:41  Probe  
  15  0:49  Gateway  
  15  0:53  Probe  
  16  1:03  Assimilator  
  16  1:05  Probe  
  17  1:25  Probe  
  18  1:37  Probe, Cybernetics Core  
  19  1:50  Probe  
  20  1:56  Warp Gate  
  20  2:02  Probe  
  21  2:10  Zealot  
  23  2:26  Pylon  
  23  2:40  Gateway  
  23  2:44  Probe  
  23  2:45  Pylon  
  24  2:54  Adept  
  26  3:24  Stalker  
  28  3:34  Probe  
  29  3:42  Gateway  
  29  3:46  Gateway  
  29  3:59  Stalker  
  31  4:11  Robotics Facility  
  31  4:32  Stalker  
  31  4:34  Stalker  
  35  4:38  Stalker  
  35  4:44  Pylon  
  37  4:45  Pylon  
  37  4:48  Stalker  
  39  4:54  Gateway  
  39  4:58  Pylon  
  39  5:05  Gateway  
  39  5:11  Observer  
  40  5:20  Stalker  
  42  5:23  Stalker  
  42  5:24  Stalker  
  42  5:26  Stalker  
  48  5:38  Pylon  
  48  5:45  Stalker  
  48  5:59  Shield Battery  
  48  6:01  Shield Battery  
  48  6:05  Stalker  
  50  6:15  Stalker  
  52  6:20  Stalker  
  54  6:29  Stalker  
  56  6:33  Zealot  
  58  6:43  Twilight Council  
  56  7:53  Stalker  
  56  7:54  Stalker  
  56  7:56  Stalker  
  56  7:58  Stalker  
  64  7:59  Stalker  
  64  8:00  Stalker  
Show
View Real Time Build Order
Export as new Build Order

darkhero Protoss 

Build Orders:  

Get SALT Encoding   

  12  0:05  Probe  
  13  0:21  Pylon, Probe  
  14  0:27  Assimilator  
  14  0:41  Gateway  
  14  0:47  Probe  
  14  0:55  Assimilator, Probe  
  16  1:04  Probe  
  18  1:18  Probe  
  18  1:28  Cybernetics Core  
  18  1:31  Probe  
  19  1:38  Zealot  
  21  1:43  Probe  
  21  1:44  Warp Gate  
  22  1:55  Probe  
  23  2:21  Pylon x2  
  23  2:39  Probe  
  26  2:47  Gateway  
  26  2:49  Stalker  
  26  2:51  Probe  
  27  3:35  Gateway  
  27  3:41  Stalker  
  29  3:50  Robotics Facility  
  29  3:55  Probe  
  30  4:01  Sentry  
  32  4:09  Forge  
  32  4:19  Stalker  
  34  4:24  Stalker  
  34  4:30  Stalker  
  38  4:31  Protoss Ground Weapons Level 1  
  38  4:33  Gateway  
  38  4:37  Pylon  
  38  4:40  Pylon  
  38  4:57  Stalker  
  38  4:58  Stalker  
  42  5:00  Pylon  
  42  5:05  Shield Battery  
  42  5:07  Shield Battery  
  42  5:09  Shield Battery  
  42  5:18  Immortal  
  46  5:46  Stalker x3  
  52  5:52  Pylon  
  52  6:20  Nexus  
  52  6:31  Sentry  
  52  6:32  Sentry  
  56  6:38  Twilight Council  
  56  6:39  Observer  
  57  6:46  Pylon  
  57  6:51  Stalker  
  57  6:53  Sentry  
  51  7:31  Stalker x3  
  51  7:32  Stalker  
  57  8:09  Stalker x4  
  65  8:31  Pylon  
Tags
 
Add a new tag
Caveats
  • Supply blocks, unpowered buildings, or Contaminate may cause inaccurate times.
  • Supply counts are checked every 10 seconds.